 Dungeon Crawl Stone Soup version 0.31-a0-851-g7ff8af7976 (webtiles) character file.

Game seed: 14464348776620277813

194 BritishOli the Trooper (level 5, -12/43 HPs)
             Began as a Demonspawn Fighter on Oct 6, 2023.
             Mangled by a wyvern (14 damage)
             ... on level 3 of the Dungeon.
             The game lasted 00:02:12 (2150 turns).

BritishOli the Trooper (Demonspawn Fighter)         Turns: 2150, Time: 00:02:13

Health: -12/43     AC:  6    Str: 19    XL:     5   Next: 44%
Magic:  5/5        EV:  9    Int:  9    God:
Gold:   113        SH:  9    Dex: 18    Spells: 4/4 levels left

rFire   . . .        a - +0 war axe
rCold   . . .        c - +0 buckler
rNeg    . . .        b - +0 scale mail
rPois   .            (helmet restricted)
rElec   .            (no cloak)
rCorr   .            (no gloves)
SInv    .            (no boots)
Will    .....        o - amulet of regeneration Stlth
                     s - +6 ring of dexterity
HPRegen 1.07/turn    (no ring)
MPRegen 0.09/turn

%: no passive effects
@: mighty
A: antennae 1, large bone plates 1, powered by death 1
a: no special abilities


You were on level 3 of the Dungeon.
You visited 1 branch of the dungeon, and saw 4 of its levels.

You collected 113 gold pieces.

Inventory:

Hand Weapons
 a - a +0 war axe (weapon)
Armour
 b - a +0 scale mail (worn)
 c - a +0 buckler (worn)
Jewellery
 o - an amulet of regeneration (around neck)
 s - a +6 ring of dexterity (left hand)
Scrolls
 e - a scroll of silence {unknown}
 f - a scroll of enchant armour {unknown}
 j - 2 scrolls of teleportation {unknown}
 k - 3 scrolls of identify {unknown}
 m - a scroll of poison {unknown}
 n - a scroll of revelation {unknown}
 q - a scroll of blinking {unknown}
 u - a scroll of noise {unknown}
 v - 2 scrolls of enchant weapon {unknown}
 w - a scroll of amnesia {unknown}
Potions
 g - 2 potions of haste {unknown}
 h - a potion of berserk rage {unknown}
 i - a potion of lignification {unknown}
 l - a potion of curing {unknown}
 p - 2 potions of resistance {unknown}
 r - a potion of mutation {unknown}
 t - a potion of invisibility {unknown}


   Skills:
 * Level 4.4 Fighting
 * Level 3.3 Axes
 + Level 3.5 Armour
 - Level 3.0 Shields


You had 4 spell levels left.
You didn't know any spells.
Your spell library contained the following spells:

 Spells                   Type           Power      Damage    Failure   Level
 Blink                    Tloc           0%         N/A       92%         2
 Lesser Beckoning         Tloc           0%         N/A       92%         2
 Momentum Strike          Conj/Tloc      0%         3d8       92%         2


Dungeon Overview and Level Annotations

Branches:
Dungeon (4/15)
 Temple: D:4-7

Altars:


Innate Abilities, Weirdness & Mutations

You have a pair of small antennae on your head.
You are partially covered in large bone plates. (SH +4)
You regenerate a little health from kills.


Message History

The gnoll hits you with a +0 spear. The wyvern bites you.
You slash the gnoll!
You kill the gnoll!
You closely miss the wyvern. The wyvern barely misses you.
You block the gnoll's attack. The wyvern barely misses you.
The gnoll completely misses you.
You hit the wyvern.
The wyvern is lightly wounded.
The wyvern bites you. You block the wyvern's attack.
You block the gnoll's attack. You block the wyvern's attack.
You closely miss the wyvern.
The wyvern is lightly wounded.
You block the gnoll's attack.
The wyvern bites you but does no damage.
The wyvern bites you! The gnoll hits you but does no damage.
The wyvern attacks as it pursues you!
The wyvern bites you but does no damage.
The gnoll attacks as it pursues you! The gnoll hits you but does no damage.
The gnoll hits you from afar with a +0 spear.
The wyvern bites you but does no damage.
There is a stone staircase leading up here.
The wyvern closely misses you. The wyvern bites you.
You climb upwards.
There is a stone staircase leading down here.
Okay, then.
You aren't carrying any items that you can evoke.
You feel very mighty all of a sudden. The wyvern bites you!
You slash the wyvern!
The wyvern is moderately wounded.
The wyvern bites you.
* * * LOW HITPOINT WARNING * * *
The wyvern bites you!
* * * LOW HITPOINT WARNING * * *
You hit the wyvern.
The wyvern is heavily wounded.
The wyvern bites you.
* * * LOW HITPOINT WARNING * * *
The wyvern bites you!
You die...

#.....#####.#....# ###....
#.....# ##.###########[..###
#.....# #..# #.....#####
#..†..# #..# ####.##### ##.
#.>...# #..# #....# #..
###.### ##..# #..#### ##.#
#.# #..## ##....#####..#
##.#####..#### ####.....#.##
#.....#....@.## ####.....#
#.....#.####l.## ####.###).
#.......# ##..####....###..
#......## ###......#####..#
#......#####......######()#.
######.#.....####..# #...##.
##..........###.###.####.
#....................###.
#...........<##.).##.#...


You could see a wyvern.

Vanquished Creatures
  A hound (D:3)
  An orc priest (D:2)
  2 gnolls (D:4)
  5 adders
  A worm (D:2)
  A dart slug (D:2)
  5 orcs
  7 bats
  4 endoplasms
  A giant cockroach (D:3)
  6 hobgoblins
  2 kobolds (D:2)
  2 quokkas
  9 ball pythons
  6 frilled lizards
  7 goblins
  5 rats
65 creatures vanquished.

Notes
Turn   | Place    | Note
-------+----------+-------------------------------------------
     0 | D:1      | BritishOli the Demonspawn Fighter began the quest for the
                  | Orb.
     0 | D:1      | Reached XP level 1. HP: 18/18 MP: 1/1
   277 | D:1      | Gained mutation: You have a pair of small antennae on your
                  | head. [demonic ancestry]
   277 | D:1      | Reached XP level 2. HP: 24/24 MP: 2/2
   443 | D:1      | Found a faded altar of an unknown god.
   890 | D:2      | Gained mutation: You are partially covered in large bone
                  | plates. (SH +4) [demonic ancestry]
   890 | D:2      | Reached XP level 3. HP: 24/29 MP: 3/3
  1038 | D:2      | Gained mutation: You regenerate a little health from kills.
                  | [demonic ancestry]
  1038 | D:2      | Reached XP level 4. HP: 37/37 MP: 4/4
  1644 | D:3      | Reached skill level 4 in Fighting
  1648 | D:3      | Reached XP level 5. HP: 42/42 MP: 5/5
  2136 | D:4      | Noticed a wyvern
  2149 | D:3      | HP: 1/43 [wyvern (7)]
  2150 | D:3      | Mangled by a wyvern

Illustrated notes

Levels and vault maps discovered:
D:1:      giann_wishing_wells, layout_basic,
          shapermc_ecumenical_altar_acropolis, grunt_decor_resistance
D:2:      layout_basic, nrook_loot_triangle
D:3:      layout_rooms, nrook_mini_vaults
D:4:      layout_rooms, grunt_temple_overflow_open, grunt_decor_fettered,
          dk_rats_in_the_wall

Skill      XL: |  1  2  3  4 |
---------------+-------------+-----
Axes           | 2 3 |  3.3
Armour         | 3 |  3.5
Shields        | 3 |  3.0
Fighting       | 4 |  4.4

Action                     |  1- 3 |  4- 6 || total
---------------------------+-------+-------++-------
  Melee: War axe           |    79 |   110 ||   189
    Use: Potion            |       |     1 ||     1
 Armour: Scale mail        |    59 |    75 ||   134
  Dodge: Dodged            |    37 |    56 ||    93
  Block: Buckler           |    26 |    62 ||    88

Table legend: (Time is in decaauts)
 A = Elapsed time spent in this place.
 B = Non-inter-level travel time spent in this place.
 C = Inter-level travel time spent in this place.
 D = Time resting spent in this place.
 E = Time spent auto-exploring this place.
 F = Levels seen in this place.
 G = Mean time per level.
                   A        B        C        D        E       F      G
               +--------+--------+--------+--------+--------+-----+--------+
         Total |   2227 |   2156 |     71 |    144 |   1538 |   4 |  556.8 |
       Dungeon |   2227 |   2156 |     71 |    144 |   1538 |   4 |  556.8 |
               +--------+--------+--------+--------+--------+-----+--------+

Top non-repeatable levels by time:
     D:1: 838 daAuts
     D:2: 791 daAuts
     D:3: 578 daAuts
     D:4: 18 daAuts
